 Dungeon Crawl Stone Soup version 0.30-a0-862-g1aabd4f9c5 (webtiles) character file.

Game seed: 5023089334181531022

778 holysushi the Slicer (level 7, 0/46 HPs)
             Began as an Octopode Monk on Mar 9, 2023.
             Slain by Pikel
             ... wielding a +0 whip of freezing
              (1 damage)
             ... on level 5 of the Dungeon.
             The game lasted 00:06:48 (4154 turns).

holysushi the Slicer (Octopode Monk)                Turns: 4154, Time: 00:06:49

Health: 0/46       AC:  1    Str: 10    XL:     7   Next: 85%
Magic:  7/7        EV: 20    Int: 19    God:
Gold:   982        SH:  0    Dex: 16    Spells: 6/6 levels left

rFire   . . .      SeeInvis .    a - +5 dagger of Okawaru's Favour {freeze, rC+}
rCold   + . .      Faith    .    (no shield)
rNeg    . . .      Spirit   .    (helmet restricted)
rPois   +          Reflect  .    (no amulet)
rElec   .          Rampage  .    n - +5 ring of evasion
rCorr   .                        o - ring of flight
Will    .....                    i - ring of poison resistance
Stlth   ++++                     x - +6 ring of intelligence
HPRegen 0.27/turn                (no ring)
MPRegen 0.10/turn                (no ring)
                                 (no ring)
                                 (no ring)

@: about to teleport, flying
A: almost no armour, amphibious, 8 rings, camouflage 1, gelatinous body 1,
(nimble swimmer 1), tentacles
a: no special abilities


You were on level 5 of the Dungeon.
You visited 1 branch of the dungeon, and saw 5 of its levels.

You collected 982 gold pieces.

Inventory:

Hand Weapons
 a - the +5 dagger of Okawaru's Favour (weapon) {freeze, rC+}
   (You found it on level 5 of the Dungeon)

   rC:        It protects you from cold.
 p - a +1 vampiric short sword
 r - a +2 long sword of draining
 s - a +2 falchion of holy wrath
 C - a +0 shortbow
Missiles
 w - a throwing net (quivered)
Jewellery
 i - a ring of poison resistance (on tentacle)
 n - a +5 ring of evasion (left tentacle)
 o - a ring of flight (right tentacle)
 x - a +6 ring of intelligence (on tentacle)
Wands
 e - a wand of iceblast (3)
 h - a wand of flame (18)
Scrolls
 j - 2 scrolls of enchant weapon
 l - 2 scrolls of poison
 t - 2 scrolls of brand weapon
 z - 2 scrolls of enchant armour
Potions
 b - a potion of ambrosia
 c - 2 potions of lignification
 d - 3 potions of might
 f - 3 potions of mutation
 g - a potion of brilliance
 k - 6 potions of curing {unknown}
 m - a potion of cancellation {unknown}
 q - a potion of invisibility {unknown}
 v - a potion of resistance {unknown}


   Skills:
 - Level 3.0 Fighting
 + Level 8.0 Short Blades
 + Level 4.6 Dodging
 + Level 4.0 Stealth


You had 6 spell levels left.
You didn't know any spells.
Your spell library contained the following spells:

 Spells                   Type           Power      Damage    Failure   Level
 Beastly Appendage        Tmut           0%         N/A       21%         1
 Wereblood                Tmut           0%         N/A       30%         2
 Ignite Poison            Fire/Tmut/Pois 0%         N/A       52%         3
 Kindle Blastsparks       Fire/Tloc/Air  0%         2d10      52%         3
 Spider Form              Tmut/Pois      0%         N/A       52%         3
 Animate Dead             Necr           0%         N/A       90%         4
 Borgnjor's Vile Clutch   Necr/Erth      0%         N/A       99%         5
 Freezing Cloud           Conj/Ice/Air   0%         6-21      99%         5
 Death Channel            Necr           0%         N/A       100%        6


Dungeon Overview and Level Annotations

Branches:
Dungeon (5/15) Zot: 25770
 Temple: D:4-7

Altars:
Nemelex Xobeh
Sif Muna

Shops:
D:1 (

Annotations:
D:2 1 runed translucent door, Crazy Yiuf
D:5 Pikel


Innate Abilities, Weirdness & Mutations

You cannot wear most types of armour.
You are amphibious.
You can wear up to eight rings at the same time.
Your skin changes colour to match your surroundings (Stealth+).
Your rubbery body absorbs attacks. (AC +1, EV +1)
((You are camouflaged when in or above water. (Stealth+)))
You have tentacles for arms and can constrict up to eight enemies at once.


Message History

You constrict the lemure. You hit the lemure. You freeze the lemure.
Your squeeze misses the lemure.
The lemure is severely wounded.
You constrict the lemure. The lemure hits you.
You hit the lemure. You freeze the lemure.
You kill the lemure!
That felt strangely unrewarding.
You start resting.
HP restored.
The centaur wields a +0 shortbow.
The centaur shoots an arrow.
The arrow misses you.
You hear a shout! x2
The centaur shoots an arrow.
The arrow barely misses you.
The centaur shoots an arrow.
The arrow hits you!
The centaur shoots an arrow.
The arrow completely misses you.
The centaur shoots an arrow.
The arrow hits you!
You hear a shout!
The centaur shoots an arrow.
The arrow hits you.
You puncture the centaur! You freeze the centaur.
The centaur is heavily wounded.
The centaur unwields a +0 shortbow.
The centaur completely misses you. The centaur misses you.
You hit the centaur. You freeze the centaur.
The centaur is heavily wounded.
The lemure hits you!
* * * LOW HITPOINT WARNING * * *
You hit the centaur. You freeze the centaur.
The centaur is severely wounded.
The centaur hits you.
* * * LOW HITPOINT WARNING * * *
The centaur misses you.
As you read the scroll labelled EROSEC TEKI, it crumbles to dust.
You feel strangely unstable.
It was a scroll of teleportation.
The centaur hits you.
* * * LOW HITPOINT WARNING * * *
The centaur closely misses you. The lemure misses you.
Pikel hits you with a +0 whip of freezing.
* * * LOW HITPOINT WARNING * * *
Pikel freezes you.
You die...

########........#.....#
.......#......#.......##
######....####.###.......
#####....#..#### #.#
#.....## #≈≈≈≈≈≈≈.#.....#
#.# #####.##
##~~.....#.###.# #.# #....
#.............###.######....
##).~##...#.K...#...........
##..##....@c.#.#########.##
##.##..###5.#.# #.# #.##..#
#..#.# #.# #.##..# #..#.#
#.# #.##..# #..#.# #.#
######.##..#
#..#.#########.#
#......##...
...#.........#.#
#.#######.##
##.#.#.........# #.# #.#
#.###.#####.###


You could see Pikel, a lemure and a centaur.

Vanquished Creatures
  Menkaure (D:5)
  2 centaurs
  3 lemures (D:5)
  A phantom (D:4)
  3 orc priests
  A hound (D:5)
  A jelly (D:4)
  Ijyb (D:5)
  3 iguanas (D:5)
  6 adders
  A shadow imp (D:5)
  A white imp (D:5)
  An adder zombie (D:3)
  2 worms
  A dart slug (D:2)
  12 orcs
  2 ball pythons
  8 bats
  8 endoplasms
  2 giant cockroaches
  7 goblins
  8 hobgoblins
  7 quokkas
  A ball python skeleton (D:3)
  A ball python zombie (D:3)
  2 frilled lizards (D:1)
  A giant cockroach zombie (D:3)
  3 kobolds (D:3)
  A quokka skeleton (D:3)
  9 rats
100 creatures vanquished.

Notes
Turn   | Place    | Note
-------+----------+-------------------------------------------
     0 | D:1      | holysushi the Octopode Monk began the quest for the Orb.
     0 | D:1      | Reached XP level 1. HP: 16/16 MP: 1/1
   122 | D:1      | Found Jyvauziz's Weapon Shoppe.
   194 | D:1      | Reached XP level 2. HP: 21/21 MP: 2/2
   498 | D:1      | Reached skill level 4 in Short Blades
   677 | D:1      | Reached XP level 3. HP: 26/26 MP: 3/3
  1013 | D:2      | Found a runed translucent door.
  1014 | D:2      | Noticed Crazy Yiuf
  1363 | D:3      | Reached XP level 4. HP: 31/31 MP: 4/4
  1686 | D:3      | Found a shimmering blue altar of Sif Muna.
  1816 | D:3      | Reached skill level 5 in Short Blades
  1852 | D:3      | Found a sparkling altar of Nemelex Xobeh.
  2201 | D:4      | Reached XP level 5. HP: 27/36 MP: 5/5
  2540 | D:4      | Noticed a centaur
  2547 | D:4      | Killed a centaur
  2548 | D:4      | Reached XP level 6. HP: 42/42 MP: 6/6
  2639 | D:4      | Identified the +1 flail of Summer {drain, Str+5 Dex+2}
  2671 | D:4      | Reached skill level 6 in Short Blades
  2891 | D:5      | Entered Level 5 of the Dungeon
  2939 | D:4      | Identified a scroll of acquirement
  2939 | D:4      | Acquired 706 gold pieces
  3154 | D:5      | Noticed Ijyb
  3166 | D:5      | Killed Ijyb
  3308 | D:5      | Reached XP level 7. HP: 32/46 MP: 7/7
  3405 | D:5      | Identified the +5 dagger of Okawaru's Favour {freeze, rC+}
  3420 | D:5      | Reached skill level 7 in Short Blades
  3642 | D:5      | Noticed Pikel
  3992 | D:5      | Noticed Menkaure
  4002 | D:5      | Killed Menkaure
  4003 | D:5      | Reached skill level 8 in Short Blades
  4154 | D:5      | HP: 1/46 [Pikel/+0 whip of freezing (6)]
  4154 | D:5      | Slain by Pikel

Illustrated notes

Levels and vault maps discovered:
D:1:      lemuel_arrival_behind_the_door_large, layout_basic, serial_shops,
          nicolae_shop_bloodbath_and_beyond
D:2:      layout_rooms, uniq_crazy_yiuf_cottage
D:3:      layout_loops_cross, overflow_temple_1_default,
          nicolae_sif_muna_condensation, serial_undead, serial_undead_c,
          serial_undead_d, serial_undead_c, serial_undead_b
D:4:      layout_loops_ring, minmay_box_of_dots
D:5:      layout_basic, chequers_serial_rivers_micro_e, uniq_pikel,
          uniq_menkaure, uniq_ijyb

Skill      XL: |  1  2  3  4  5  6  7 |
---------------+----------------------+-----
Short Blades   | 4 5 6 8 |  8.0
Dodging        | 4 |  4.6
Stealth        | 4 |  4.0
Fighting       | |  3.0

Action                     |  1- 3 |  4- 6 |  7- 9 || total
---------------------------+-------+-------+-------++-------
  Melee: Short sword       |    73 |   135 |    12 ||   220
         Constrict         |    18 |    23 |    14 ||    55
         Tentacles         |    14 |    37 |    20 ||    71
         Punch             |     1 |     5 |     2 ||     8
         Dagger            |       |       |    50 ||    50
    Use: Potion            |       |     1 |       ||     1
         Scroll            |       |    15 |     1 ||    16
   Stab: Sleeping          |    13 |    16 |     1 ||    30
 Armour: Skin              |     3 |     5 |       ||     8
  Dodge: Dodged            |    31 |    85 |    39 ||   155

Table legend: (Time is in decaauts)
 A = Elapsed time spent in this place.
 B = Non-inter-level travel time spent in this place.
 C = Inter-level travel time spent in this place.
 D = Time resting spent in this place.
 E = Time spent auto-exploring this place.
 F = Levels seen in this place.
 G = Mean time per level.
                   A        B        C        D        E       F      G
               +--------+--------+--------+--------+--------+-----+--------+
         Total |   4078 |   3913 |    165 |    620 |   2306 |   5 |  815.6 |
       Dungeon |   4078 |   3913 |    165 |    620 |   2306 |   5 |  815.6 |
               +--------+--------+--------+--------+--------+-----+--------+

Top non-repeatable levels by time:
     D:5: 1055 daAuts
     D:4: 924 daAuts
     D:3: 803 daAuts
     D:1: 779 daAuts
     D:2: 514 daAuts
